 Dungeon Sprint DCSS version 0.20-a0-640-g62ed22f (webtiles) character file.

12 esc the Shield-Bearer (level 3, -5/20 HPs)
             Began as a Vine Stalker Fighter on Feb 12, 2017.
             Was a Believer of Makhleb.
             Slain by a gnoll sergeant
             ... wielding a +0 trident of holy wrath
              (11 damage)
             ... in the Dungeon (Sprint VI: "Thunderdome").
             The game lasted 00:01:28 (268 turns).

esc the Shield-Bearer (Vine Stalker Fighter)         Turns: 268, Time: 00:01:28

Health: -5/20      AC:  6    Str: 19    XL:     3   Next: 47%
Magic:  0/5        EV:  8    Int:  8    God:    Makhleb [**....]
Gold:   85         SH:  9    Dex: 13    Spells: 2/2 levels left

rFire    + + +     SeeInvis +   a - +0 rapier
rCold    . . .     Gourm    .   b - +0 scale mail
rNeg     + + .     Faith    +   c - +0 shield
rPois    +         Spirit   +   (no helmet)
rElec    .         Reflect  .   (no cloak)
rCorr    .         Harm     .   (no gloves)
MR       .....     NoTele   +   (no boots)
Stlth    ..........             r - amulet of Secrets {Faith rPois rF+++ Str-5 SInv}
Regen    0.1/turn               q - ring "Siklay" {+Fly rF+}
MPRegen  0.1/turn               p - ring "Veoreif" {rF+ rN++}

@: mighty
A: fangs 2, magic shield, antimagic bite, no potion heal 3, rot immunity
a: Minor Destruction, Renounce Religion, Evoke Flight


You were in the Dungeon.
You worshipped Makhleb.
Makhleb was pleased with you.
You were not hungry.

You visited 1 branch You collected 220 gold pieces.
You spent 135 gold pieces at shops.

Inventory:

Hand Weapons
 a - a +0 rapier (weapon)
Armour
 b - a +0 scale mail (worn)
 c - a +0 shield (worn)
Jewellery
 p - the ring "Veoreif" (left hand) {rF+ rN++}
   (You bought it in a shop in the Dungeon)

   [ring of protection from fire]

   It protects you from fire.
   It greatly protects you from negative energy.
 q - the ring "Siklay" (right hand) {+Fly rF+}
   (You bought it in a shop in the Dungeon)

   [ring of flight]

   It protects you from fire.
   It lets you fly.
 r - the amulet of Secrets (around neck) {Faith rPois rF+++ Str-5 SInv}
   (You bought it in a shop in the Dungeon)

   [amulet of faith]

   It allows you to gain divine favour quickly.
   It affects your strength (-5).
   It renders you almost immune to fire.
   It protects you from poison.
   It lets you see invisible.
Wands
 l - a wand of acid (5/15)
   (You found it in the Dungeon)
 m - a wand of iceblast (5/15)
   (You found it in the Dungeon)
Scrolls
 k - 4 scrolls of blinking {!r}
 n - 3 scrolls of fog
Potions
 e - a potion of curing
 g - 4 potions of heal wounds
 h - 4 potions of haste
 i - 2 potions of magic
 o - a potion of resistance
Comestibles
 f - a bread ration {@e1}
 j - 6 chunks of flesh {@w0}


   Skills:
 + Level 3.6 Fighting
 + Level 3.0 Short Blades
 + Level 3.2 Armour
 + Level 1.9 Dodging
 + Level 3.6 Shields
 + Level 2.1 Invocations


You had 2 spell levels left.
You didn't know any spells.

Dungeon Overview and Level Annotations

Branches:
Dungeon (1/1)

Altars:
Cheibriados
Dithmenos
Fedhas
Gozag
Kikubaaqudgha
Makhleb
Okawaru
Qazlal
Ru
Sif Muna
Trog
Uskayaw
Vehumet
Xom
Yredelemnul
Zin
The Shining One
Beogh
Jiyva
Lugonu

Shops:
D *[%??*?*:[((!!!!

Annotations:
D Crazy Yiuf


Innate Abilities, Weirdness & Mutations

You have extremely sharp teeth.
When hurt, damage is shared between your health and your magic reserves.
Your bite disrupts and absorbs the magic of your enemies.
Potions cannot restore your health.
You are immune to rotting.


Message History

You hit Terence. Terence says, "Did you write a will?
You should..."
Terence barely misses you.
You hit Terence. Your bite misses Terence. You puncture Terence!
You kill Terence!
Makhleb accepts your kill.
Victory!
Score multiplier: 2x You now have 12 arena points (gained 12).
Your Armour skill increases to level 3!
Your Invocations skill increases to level 1!
You have reached level 2!
You have reached level 3!
Your experience leads to an increase in your attributes!
Increase (S)trength, (I)ntelligence, or (D)exterity?
You feel stronger.
You regained 8 hp, and now have 21/30 hp.
Unknown command.
Things that are here:
a flail; a ring mail; the human corpse of Terence You butcher the human corpse of Terence.
You feel a strong urge to attack something.
j - a chunk of flesh {@w0}
Things that are here:
a flail; a ring mail; the human skeleton of Terence You are no longer berserk.
You are exhausted.
You feel yourself slow down.
You now have 85 gold pieces (gained 20).
You now have 15/20 hp.
j - 5 chunks of flesh {@w0} (gained 4)
Things that are here:
a ring mail; a club You start resting.
Get ready!
You regained 2 hp, and now have 17/20 hp.
MP restored: 5 You start resting.
ROUND 2!
FIGHT!
You sense a tension in the east.
You feel yourself speed up.
A gnoll comes into view. It is wielding a whip.
The gnoll shouts!
You barely miss the gnoll. You block the gnoll's attack.
You hit the gnoll. You bite the gnoll. You drain its power.
The gnoll closely misses you.
Your shield and scale mail prevent you from hitting the gnoll.
Your bite misses the gnoll. The gnoll hits you but does no damage.
You completely miss the gnoll. The gnoll barely misses you.
You block the gnoll's attack.
You hit the gnoll. The gnoll hits you with a whip.
You take 1 damage, and have 17/20 hp.
You puncture the gnoll!
You kill the gnoll!
Makhleb accepts your kill.
You can now harness Makhleb's destructive might.
You feel better.
Your Short Blades skill increases to level 3!
Your Invocations skill increases to level 2!
You regained 2 hp, and now have 19/20 hp.
Things that are here:
a whip; a gnoll corpse You butcher the gnoll corpse.
j - 6 chunks of flesh {@w0} (gained 1)
Things that are here:
a whip; a gnoll skeleton You start resting.
You feel less exhausted.
You start resting.
Health restored: 20 You start waiting.
A gnoll sergeant comes into view. It is wielding a trident of holy wrath.
The gnoll sergeant shouts!
Crazy Yiuf the Enlightened comes into view.
He is wielding a quarterstaff of chaos.
The gnoll sergeant blocks your attack. x2
The gnoll sergeant hits you with a trident of holy wrath.
You take 3 damage, and have 17/20 hp.
You hit the gnoll sergeant.
You bite the gnoll sergeant, but do no damage.
The gnoll sergeant barely misses you.
You hit the gnoll sergeant. The gnoll sergeant blocks your attack.
You block the gnoll sergeant's attack.
You feel very mighty all of a sudden. The gnoll sergeant barely misses you.
The gnoll sergeant blocks your attack.
The gnoll sergeant completely misses you.
The gnoll sergeant blocks your attack.
The gnoll sergeant hits you with a trident of holy wrath.
Crazy Yiuf says, "Buddy verde infinity!"
The gnoll sergeant hits you with a trident of holy wrath.
You take 6 damage, and have 12/20 hp.
MASSIVE DAMAGE!!
You now have 4/5 mp.
You hit the gnoll sergeant. Your bite misses the gnoll sergeant.
Crazy Yiuf hits you with a quarterstaff of chaos!
* * * LOW HITPOINT WARNING * * *
The gnoll sergeant hits you with a trident of holy wrath!
Ouch! That really hurt!
You die...

##∩.....∩## #∩.......∩#
#_........# #_......._#
#_......._# ###.........###
#⌠...........§#
####.8.........8g######
__.......###....@g___∩##
.......8.# #.8........∩###
.........###.............##
......###...###..........⌠#
......# #.<.# #..........⌠#
......###...###..).......⌠#
.........###.............##
.....).8.# #.8........∩###
___......###......___∩##


You could see a gnoll sergeant and Crazy Yiuf.

Vanquished Creatures
  Terence (D)
  A gnoll (D)
  An orc (D)
  A quokka (D)
  A kobold (D)
  A rat (D)
6 creatures vanquished.

Notes
Turn   | Place    | Note
-------+----------+-------------------------------------------
     0 | D        | esc the Vine Stalker Fighter began the quest for the Orb.
     0 | D        | Reached XP level 1. HP: 11/11 MP: 2/2
     1 | D        | Found a basalt altar of Yredelemnul.
     2 | D        | Found an ancient bone altar of Kikubaaqudgha.
     2 | D        | Found an opulent altar of Gozag.
     3 | D        | Found an iron altar of Okawaru.
     4 | D        | Found a burning altar of Makhleb.
     4 | D        | Found a roughly hewn altar of Beogh.
     4 | D        | Found Tiywno Pume's Weapon Rack.
     4 | D        | Found Zugor's Premium Goods.
     5 | D        | Found Maunaodug's Basic Armour.
     5 | D        | Found Yhecem's Miscellaneous Merchandise.
     5 | D        | Round 1.
     7 | D        | Found a glowing silver altar of Zin.
    12 | D        | Became a worshipper of Makhleb the Destroyer
    15 | D        | Found a stormy altar of Qazlal.
    15 | D        | Found a sacrificial altar of Ru.
    15 | D        | Found Faig's Identification Station.
    15 | D        | Found Bemoskec's Advanced Armour.
    16 | D        | Found Tiyrch's Jewellery.
    17 | D        | Found a deep blue altar of Sif Muna.
    17 | D        | Found a radiant altar of Vehumet.
    17 | D        | Found Vesawun's Bee Food.
    24 | D        | Bought a clouded jade ring for 45 gold pieces
    24 | D        | Bought a faintly glowing silver ring for 45 gold pieces
    24 | D        | Bought a faintly glowing sapphire amulet for 45 gold pieces
    24 | D        | Identified the amulet of Secrets {Faith rPois rF+++ Str-5 SInv} (You bought it in a shop in the Dungeon)
    25 | D        | Identified the ring "Veoreif" {rF+ rN++} (You bought it in a shop in the Dungeon)
    26 | D        | Identified the ring "Siklay" {+Fly rF+} (You bought it in a shop in the Dungeon)
    29 | D        | Found a shimmering altar of Xom.
    31 | D        | Found a viscous altar of Jiyva.
    33 | D        | Found a glowing golden altar of the Shining One.
    34 | D        | Found Viwn's Magic Scroll Shop.
    35 | D        | Found a snail-covered altar of Cheibriados.
    35 | D        | Found a shadowy altar of Dithmenos.
    35 | D        | Found Kuisag's Staff Store.
    35 | D        | Found Meydead's Magic Scroll Shop.
    35 | D        | Found Muvue's Must-Have Magic.
    40 | D        | Found a bloodstained altar of Trog.
    41 | D        | Found a hide-covered altar of Uskayaw.
    42 | D        | Found a corrupted altar of Lugonu.
    44 | D        | Found Qeis's Distillery.
    45 | D        | Found Miseutre's Distillery.
    45 | D        | Found Dies Jaduash's Bottled Wisdom.
    45 | D        | Found a blossoming altar of Fedhas.
    45 | D        | Found Onkitido's Do-It-Yourself Clinic.
   127 | D        | Reached skill level 2 in Short Blades
   132 | D        | Noticed Terence
   134 | D        | Reached skill level 3 in Fighting
   134 | D        | Reached skill level 1 in Dodging
   135 | D        | Reached * piety under Makhleb
   135 | D        | Reached skill level 3 in Shields
   143 | D        | Killed Terence
   143 | D        | Arena points: 12 (+12) [x2]
   143 | D        | Reached skill level 3 in Armour
   143 | D        | Reached skill level 1 in Invocations
   143 | D        | Reached XP level 2. HP: 16/16 MP: 2/4
   143 | D        | Reached XP level 3. HP: 20/20 MP: 2/5
   172 | D        | Round 2.
   185 | D        | Reached ** piety under Makhleb
   185 | D        | Reached skill level 3 in Short Blades
   185 | D        | Reached skill level 2 in Invocations
   259 | D        | Noticed a gnoll sergeant
   262 | D        | Noticed Crazy Yiuf
   268 | D        | Slain by a gnoll sergeant

Vault maps used:
D:        arena_sprint

Skill      XL: |  1  2  3 |
---------------+----------+-----
Short Blades   | 2 3 |  3.0
Fighting       | 3 |  3.6
Dodging        | 1 |  1.9
Shields        | 3 |  3.6
Armour         | 3 |  3.2
Invocations    | 1 2 |  2.1

Action                   || total
-------------------------++-------
Melee: Rapier            ||    26
       Bite              ||     4
  Use: Potion            ||     2
Armor: Scale mail        ||     5
Dodge: Dodged            ||     7
Block: Shield            ||     7

Vault maps used:
D:        arena_sprint

Table legend:
 A = Turns spent in this place as a percentage of turns spent in the entire game.
 B = Non-inter-level travel turns spent in this place as a percentage of non-inter-level travel turns spent in the entire game.
 C = Inter-level travel turns spent in this place as a percentage of turns spent in this place.
 D = Turns resting spent in this place as a percentage of non-inter-level travel turns spent in this place.
 E = Turns spent auto-exploring this place as a percentage of non-inter-level travel turns spent in this place.
 F = Non-inter-level travel turns spent in this place divided by the number of levels of this place that you've seen.
                   A       B       C       D       E      F
               +-------+-------+-------+-------+-------+----------------------
         Total | 100.0 | 100.0 |   0.0 |   7.9 |   0.0 | 126.0
       Dungeon | 100.0 | 100.0 |   0.0 |   7.9 |   0.0 | 126.0
               +-------+-------+-------+-------+-------+----------------------

Table legend:
 A = Kills in this place as a percentage of kills in entire the game.
 B = Kills by you in this place as a percentage of kills by you in the entire game.
 C = Kills by friends in this place as a percentage of kills by friends in the entire game.
 D = Other kills in this place as a percentage of other kills in the entire game.
 E = Experience gained in this place as a percentage of experience gained in the entire game.
 F = Experience gained in this place divided by the number of levels of this place that you have seen.
                   A       B       C       D       E      F
               +-------+-------+-------+-------+-------+----------------------
         Total | 100.0 | 100.0 |  -nan |  -nan | 100.0 |  57.0
       Dungeon | 100.0 | 100.0 |  -nan |  -nan | 100.0 |  57.0
               +-------+-------+-------+-------+-------+----------------------
